Map: Dusk Towers

Players

LiquidMaNa (MaNa) - Winner!

  • Race: Protoss Protoss

CMStormPolt (Polt)

  • Race: Terran Terran
  • League: Grandmaster

VOD

Have the link to the VOD?

Description

Time

  • Played on: Dec. 14, 2015, 7:23 p.m.
  • Length: 12:26
Show
View Real Time Build Order
Export as new Build Order

LiquidMaNa Protoss - Winner!

Build Orders: 1 Gate Expand 

Get SALT Encoding   

  12  0:00  Probe (Chrono Boost)  
  13  0:11  Probe (Chrono Boost)  
  14  0:19  Pylon  
  14  0:22  Probe (Chrono Boost)  
  15  0:37  Probe (Chrono Boost)  
  15  0:38  Gateway  
  16  0:47  Probe (Chrono Boost)  
  17  1:07  Nexus  
  17  1:10  Probe (Chrono Boost)  
  18  1:16  Assimilator  
  18  1:20  Probe (Chrono Boost)  
  19  1:29  Cybernetics Core  
  19  1:31  Probe (Chrono Boost)  
  20  1:36  Assimilator  
  20  1:42  Probe (Chrono Boost)  
  21  1:48  Pylon  
  21  1:52  Probe (Chrono Boost)  
  22  2:03  Probe (Chrono Boost)  
  22  2:06  Stalker (Chrono Boost)  
  25  2:14  Probe, Warp Gate  
  25  2:18  Probe  
  26  2:26  Probe (Chrono Boost)  
  26  2:29  Mothership Core (Chrono Boost)  
  27  2:33  Adept (Chrono Boost)  
  31  2:38  Probe (Chrono Boost)  
  32  2:48  Probe (Chrono Boost)  
  33  2:55  Probe (Chrono Boost)  
  34  2:59  Probe (Chrono Boost)  
  35  3:05  Nexus  
  35  3:09  Probe x2 (Chrono Boost)  
  37  3:13  Adept  
  39  3:21  Pylon  
  39  3:22  Probe (Chrono Boost)  
  39  3:23  Probe (Chrono Boost)  
  41  3:33  Robotics Facility  
  41  3:36  Probe x2 (Chrono Boost)  
  43  3:47  Probe x2 (Chrono Boost)  
  45  3:52  Twilight Council  
  45  3:56  Pylon  
  45  3:57  Probe (Chrono Boost)  
  46  4:04  Probe (Chrono Boost)  
  47  4:13  Probe (Chrono Boost)  
  47  4:15  Probe (Chrono Boost)  
  47  4:20  Stalker  
  47  4:21  Gateway, Observer  
  47  4:24  Gateway  
  50  4:25  Probe x2 (Chrono Boost)  
  50  4:26  Gateway  
  50  4:30  Blink (Chrono Boost)  
  50  4:32  Gateway  
  50  4:33  Probe (Chrono Boost)  
  50  4:36  Probe  
  50  4:38  Probe  
  53  4:42  Observer  
  53  4:45  Gateway  
  54  4:47  Assimilator  
  54  4:48  Probe  
  54  4:50  Probe  
  56  4:54  Stalker, Probe  
  56  4:59  Probe  
  59  5:02  Pylon  
  59  5:04  Observer  
  61  5:08  Probe, Pylon  
  61  5:09  Probe x2  
  61  5:10  Gateway  
  64  5:14  Assimilator  
  64  5:19  Pylon  
  64  5:22  Probe  
  64  5:23  Sentry x2, Probe  
  64  5:25  Assimilator  
  64  5:27  Stalker  
  64  5:28  Adept  
  74  5:33  Adept  
  74  5:34  Probe x2  
  76  5:36  Probe  
  79  5:43  Immortal (Chrono Boost)  
  79  5:49  Adept x2  
  87  5:54  Stalker  
  87  5:55  Stalker  
  91  6:00  Pylon  
  91  6:04  Stalker  
  93  6:06  Stalker, Pylon  
  95  6:18  Stalker x2, Adept  
  95  6:19  Stalker  
  95  6:25  Forge  
  103  6:28  Resonating Glaives  
  103  6:29  Immortal (Chrono Boost)  
  106  6:33  Probe  
  106  6:35  Probe x2  
  109  6:42  Pylon  
  109  6:43  Adept  
  109  6:44  Adept  
  113  6:49  Pylon  
  113  6:56  Adept  
  113  6:57  Adept, Pylon  
  113  6:58  Protoss Ground Armor Level 1 (Chrono Boost)  
  113  7:01  Forge  
  117  7:02  Immortal  
  119  7:12  Adept x2  
  117  7:16  Sentry x2  
  117  7:19  Assimilator  
  117  7:21  Probe  
  122  7:22  Probe  
  122  7:23  Probe  
  124  7:30  Photon Cannon  
  124  7:31  Pylon, Protoss Ground Weapons Level 1 (Chrono Boost)  
  124  7:32  Stalker, Adept  
  128  7:37  Probe  
  128  7:39  Probe  
  130  7:46  Immortal  
  134  7:52  Photon Cannon  
  134  7:54  Robotics Bay  
  134  7:58  Pylon  
  134  7:59  Pylon  
  134  8:02  Probe  
  134  8:03  Pylon  
  134  8:04  Probe x2  
  137  8:13  Probe, Robotics Facility  
  137  8:17  Pylon  
  137  8:18  Pylon  
  138  8:20  Pylon  
  138  8:22  Charge  
  138  8:23  Photon Cannon  
  138  8:24  Adept  
  138  8:26  Observer (Chrono Boost)  
  141  8:31  Probe x2  
  143  8:40  Stalker x2  
  143  8:41  Stalker x3  
  153  8:46  Disruptor (Chrono Boost)  
  156  8:53  Adept x2  
  160  9:02  Protoss Ground Weapons Level 2  
  160  9:09  Nexus  
  156  9:11  Pylon  
  156  9:17  Disruptor (Chrono Boost)  
  156  9:18  Gateway, Disruptor (Chrono Boost)  
  156  9:20  Protoss Ground Armor Level 2  
  162  9:24  Pylon  
  162  9:27  Pylon  
  162  9:47  Adept x7  
  162  9:49  Disruptor (Chrono Boost)  
  179  9:53  Disruptor (Chrono Boost)  
  182  10:03  Assimilator  
  182  10:08  Assimilator  
  182  10:12  Pylon  
  182  10:15  Adept x3  
  182  10:19  Stalker  
  184  10:32  Adept x3  
  184  10:33  Disruptor (Chrono Boost)  
  150  10:48  Adept  
  150  10:49  Probe, Adept x3  
  147  10:55  Disruptor (Chrono Boost)  
  149  11:02  Sentry x3  
  155  11:05  Immortal (Chrono Boost)  
  159  11:13  Adept x4  
  159  11:26  Immortal (Chrono Boost)  
  159  11:39  Disruptor (Chrono Boost)  
  156  11:44  Probe  
  156  11:46  Probe  
  145  11:48  Adept x7  
  157  11:57  Probe  
  157  11:59  Probe  
Show
View Real Time Build Order
Export as new Build Order

CMStormPolt Terran 

Build Orders: Reaper Expand, MMM Bio 

Get SALT Encoding   

  12  0:00  SCV  
  13  0:13  SCV  
  14  0:17  Supply Depot  
  14  0:25  SCV  
  15  0:39  SCV  
  15  0:41  Barracks  
  16  0:45  Refinery  
  16  0:51  SCV  
  17  1:03  SCV  
  18  1:15  SCV  
  19  1:27  Orbital Command  
  19  1:29  Reaper  
  20  1:38  Command Center  
  20  1:52  SCV  
  21  1:56  Supply Depot  
  21  2:01  Barracks Reactor  
  21  2:05  SCV  
  22  2:12  Barracks  
  22  2:17  SCV  
  22  2:21  Bunker  
  23  2:25  Factory  
  23  2:29  SCV  
  24  2:38  Marine x2  
  24  2:41  SCV  
  27  2:50  Orbital Command  
  27  2:53  SCV  
  27  2:56  Refinery, Marine x2  
  30  2:59  Barracks Tech Lab  
  30  3:05  SCV  
  31  3:14  Marine x2  
  31  3:17  SCV x2  
  35  3:25  Supply Depot, Cyclone  
  38  3:29  SCV x2  
  40  3:36  Marine x2  
  42  3:43  SCV x2  
  44  3:53  Supply Depot, Barracks  
  44  3:55  SCV x2, Engineering Bay, Marine x2  
  47  4:01  Marauder  
  50  4:02  Stimpack  
  50  4:07  SCV x2  
  51  4:14  Starport  
  51  4:19  SCV  
  51  4:20  SCV  
  51  4:21  Factory Reactor  
  51  4:23  Marauder, Marine x2  
  57  4:32  SCV  
  57  4:33  Supply Depot, SCV  
  57  4:37  Refinery  
  59  4:39  Refinery  
  59  4:43  Marine x2  
  59  4:44  SCV  
  62  4:48  Barracks Reactor  
  62  4:54  SCV, Marauder  
  62  4:56  SCV  
  62  4:58  Supply Depot  
  66  5:01  Supply Depot  
  66  5:03  Marine x2  
  68  5:07  SCV  
  68  5:08  SCV  
  68  5:14  Supply Depot  
  70  5:19  Marauder, Medivac x2  
  70  5:21  Marine x2  
  78  5:34  Marine x2  
  82  5:38  Marine x2  
  82  5:40  Supply Depot  
  82  5:41  Widow Mine, Marauder  
  82  5:42  Supply Depot  
  86  5:43  Terran Infantry Weapons Level 1  
  86  5:48  SCV  
  86  5:49  SCV  
  88  5:52  Medivac x2  
  88  5:53  Barracks  
  88  5:54  Barracks  
  88  5:55  Marine x2  
  94  6:02  Marauder, Marine x2  
  98  6:06  Supply Depot, Combat Shields  
  98  6:12  Supply Depot, Widow Mine  
  98  6:13  Supply Depot  
  100  6:25  Medivac x2  
  104  6:26  Marauder, Marine x4  
  110  6:38  Command Center  
  110  6:44  Barracks Reactor, Barracks Tech Lab  
  110  6:49  Widow Mine  
  110  6:54  SCV x2  
  114  6:58  Armory  
  114  6:59  Engineering Bay  
  118  7:07  Marauder x2  
  122  7:12  Marine x3  
  122  7:13  Marine  
  112  7:21  Ghost Academy  
  110  7:26  SCV x2  
  108  7:32  Terran Infantry Armor Level 1  
  108  7:38  SCV x2  
  108  7:43  Missile Turret  
  108  7:44  Marine x8  
  110  7:47  Missile Turret  
  110  7:48  Terran Infantry Weapons Level 2  
  110  7:50  SCV x2  
  110  7:51  Orbital Command  
  120  8:02  SCV x2  
  120  8:03  Ghost  
  120  8:04  Ghost  
  126  8:07  Marine x4  
  126  8:10  Marine x2  
  132  8:14  SCV x2  
  132  8:16  SCV  
  135  8:21  Liberator  
  135  8:25  Marine x4  
  135  8:26  Supply Depot  
  139  8:27  Supply Depot, Marine  
  139  8:28  Supply Depot, Marine  
  139  8:29  Supply Depot  
  139  8:30  Liberator  
  141  8:35  Ghost x2  
  148  8:44  Supply Depot  
  148  8:46  Supply Depot  
  148  8:47  Widow Mine  
  153  8:50  Marine x2  
  153  8:51  Marine x4  
  153  8:55  SCV x3, Refinery  
  161  8:56  Refinery  
  160  9:04  Liberator  
  160  9:06  Ghost x2, Concussive Shells  
  162  9:11  Marine x4  
  162  9:12  Marine x2  
  162  9:13  Liberator  
  172  9:31  Terran Infantry Armor Level 2  
  172  9:32  Barracks x2  
  172  9:33  Barracks  
  172  9:47  Liberator  
  172  9:48  Marauder x2, Marine x6  
  182  9:56  Liberator  
  182  9:57  Widow Mine  
  183  10:09  Command Center  
  162  10:30  Liberator  
  162  10:35  Marauder x2, Marine x6  
  152  10:36  Barracks Reactor, Barracks Tech Lab x2  
  152  10:39  Liberator  
  152  10:40  Widow Mine  
  128  10:56  Marine x4, Marauder x3  
  128  10:57  Marauder, Marine x2  
  116  11:21  Marine x8, Marauder x4  
  100  11:44  Marine x3, Marauder x2  
  100  11:45  Marauder x2, Marine x3  
Tags
 
Add a new tag
Caveats
  • Supply blocks, unpowered buildings, or Contaminate may cause inaccurate times.
  • Supply counts are checked every 10 seconds.